 Dungeon Crawl Stone Soup version 0.24.0-13-gcf9b319 (webtiles) character file.

Game seed: 6542739060365332572, levelgen mode: deterministic

307 Bronimir the Charmwright (level 6, -3/47 HPs)
             Began as a Barachi Skald on Mar 29, 2020.
             Slain by an iguana (6 damage)
             ... on level 4 of the Dungeon.
             The game lasted 00:08:10 (3896 turns).

Bronimir the Charmwright (Barachi Skald)            Turns: 3896, Time: 00:08:10

Health: -3/47      AC:  3    Str: 14 (15) XL:     6   Next: 40%
Magic:  6/10       EV: 12    Int: 11 (13) God:
Gold:   199        SH:  0    Dex:  9 (11) Spells: 5/10 levels left

rFire    . . .     SeeInvis .   a - +0 falchion
rCold    + . .     Gourm    .   (no shield)
rNeg     . . .     Faith    .   B - +0 leather armour
rPois    .         Spirit   .   (no helmet)
rElec    .         Reflect  .   (no cloak)
rCorr    .         Harm     .   (no gloves)
MR       +....                  (no boots)
Stlth    +.........             e - amulet of regeneration
HPRegen  0.55/turn              p - ring of protection from cold
MPRegen  0.12/turn              x - ring of protection from magic

@: infused (expiring), very slightly contaminated, slow
A: +LOS, swims, slowness 1, strong legs 1
a: Hop


You were on level 4 of the Dungeon.
You were not hungry.

You visited 1 branch of the dungeon, and saw 4 of its levels.

You collected 199 gold pieces.

Inventory:

Hand Weapons
 a - a +0 falchion (weapon)
 b - a +0 shortbow
 i - a cursed -3 mace
 s - a +0 hand axe
 P - a +0 trident
Missiles
 o - 266 stones
 r - 37 bolts
 t - 38 arrows
 v - 24 sling bullets
 C - 4 javelins (quivered)
 E - 23 poisoned darts
Armour
 c - a +0 ring mail
 w - a +0 ring mail
 B - a +0 leather armour (worn)
Jewellery
 e - an amulet of regeneration (around neck)
 p - a ring of protection from cold (left hand)
 u - an uncursed amulet of the acrobat {unknown}
 x - a ring of protection from magic (right hand)
 y - an uncursed amulet of guardian spirit {unknown}
 z - an uncursed ring of fire
 K - an uncursed amulet of harm {unknown}
Scrolls
 f - 6 scrolls of remove curse {unknown}
 g - 2 scrolls of fog {unknown}
 l - 3 scrolls of enchant weapon {unknown}
 n - a scroll of enchant armour {unknown}
 q - 6 scrolls of identify {unknown}
 D - a scroll of random uselessness {unknown}
 F - a scroll of amnesia {unknown}
 G - a scroll of fear {unknown}
 H - 3 scrolls of teleportation {unknown}
 N - a scroll of immolation {unknown}
Potions
 h - 2 potions of mutation {unknown}
 j - a potion of invisibility {unknown}
 k - a potion of berserk rage {unknown}
 m - 2 potions of degeneration
 A - a potion of agility {unknown}
 I - a potion of heal wounds {unknown}
 J - a potion of magic {unknown}
 L - a potion of haste {unknown}
 M - a potion of might {unknown}
 O - a potion of curing {unknown}
Comestibles
 d - 12 rations
 Q - a chunk of flesh


   Skills:
 + Level 3.0 Fighting
 * Level 4.3 Long Blades
 + Level 1.9 Bows
 * Level 3.6 Armour
 + Level 2.7 Dodging
 + Level 2.6 Spellcasting
 * Level 4.3 Charms
 * Level 1.1 Translocations


You had 5 spell levels left.
You knew the following spells:

 Your Spells              Type           Power        Failure   Level  Hunger
a - Infusion              Chrm           ##..         5%          1    ##.....
b - Song of Slaying       Chrm           ##......     9%          2    ###....
c - Shroud of Golubria    Chrm/Tloc      #.....       17%         2    ###....

Your spell library contained the following spells:

 Spells                   Type           Power        Failure   Level  Hunger
 Regeneration             Chrm/Necr      #.........   38%         3    ####...
 Spectral Weapon          Hex/Chrm       #.......     38%         3    ####...


Dungeon Overview and Level Annotations

Branches:
Dungeon (4/15)
 Temple: D:4-7

Altars:

Annotations:
D:3 2 transporters, Bionic's ghost, amateur OpWn


Innate Abilities, Weirdness & Mutations

Shadows flee at your approach. (+LOS)
You can swim through water.
You cover ground slowly.
You can hop short distances.


Message History

The hound is moderately wounded.
The hound barely misses you. The hound bites you.
* * * LOW HITPOINT WARNING * * *
You slash the hound!
You kill the hound!
Your Fighting skill increases to level 3!
Casting: Infusion (safe; 4% risk of failure)
Confirm with . or Enter, or press ? or * to list all spells.
Okay, then.
You closely miss the iguana.
The iguana is severely wounded.
The iguana bites you!
* * * LOW HITPOINT WARNING * * *
Your magical infusion is running out.
It was a potion of degeneration.
There was something very wrong with that liquid.
You feel weakened.
You feel dopey.
You feel clumsy.
The iguana hisses menacingly.
The iguana bites you.
You die...

..........##..# #.#
#...###.### ..###.....##..#
..# #.###.##
...##......#..###..## .#
##.#
##.............#....###.##
#.##
###.....................#
#..#
##.....................#
####
##.....................####
.....###...................
.###.#####....#.@###.....
## #..###........l##..# #
#.##.........###....# .#
.#.# ##.#...##.# ##...#..#
#.. #.#..##### ##..(.# #..#
###.## #..##.# #..# ###
.#.# .# # .# ## ##


You could see an iguana.

Vanquished Creatures
  A black bear (D:4)
  2 hounds
  8 adders
  An adder skeleton (D:4)
  2 dart slugs
  4 leopard geckos
  6 orcs
  5 bats
  3 giant cockroaches
  8 goblins
  13 hobgoblins
  3 jackals (D:4)
  2 quokkas
  A ball python (D:2)
  4 frilled lizards
  5 kobolds
  3 rats
71 creatures vanquished.

Notes
Turn   | Place    | Note
-------+----------+-------------------------------------------
     0 | D:1      | Bronimir the Barachi Skald began the quest for the Orb.
     0 | D:1      | Reached XP level 1. HP: 17/17 MP: 3/3
   324 | D:1      | Reached XP level 2. HP: 14/23 MP: 5/5
   446 | D:1      | Learned a level 2 spell: Song of Slaying
   449 | D:1      | Learned a level 2 spell: Shroud of Golubria
  1168 | D:2      | Reached XP level 3. HP: 4/28 MP: 0/6
  1335 | D:2      | Reached XP level 4. HP: 25/34 MP: 7/7
  1415 | D:2      | Found a faded altar of an unknown god.
  2223 | D:3      | Reached XP level 5. HP: 39/39 MP: 8/8
  2481 | D:3      | Found a transporter.
  2481 | D:3      | Found a transporter.
  2481 | D:3      | Noticed Bionic's ghost (amateur OpWn)
  3009 | D:4      | Reached skill level 1 in Bows
  3410 | D:4      | Noticed a black bear
  3420 | D:4      | Killed a black bear
  3420 | D:4      | Reached skill level 1 in Translocations
  3420 | D:4      | Reached XP level 6. HP: 32/46 MP: 2/10
  3894 | D:4      | HP: 2/47 [iguana (11)]
  3896 | D:4      | Slain by an iguana

Levels and vault maps discovered:
D:1:      minmay_arrival_stair_chambers, layout_rooms
D:2:      layout_basic, first_ration, chequers_ecumenical_altar_island,
          minmay_small_reverse_x
D:3:      layout_loops_ring, gammafunk_ghost_mausoleum
D:4:      black_bear_nest_1, layout_layer_cave,
          grunt_temple_overflow_growth_and_decay, lemuel_coloured_pillars_altar,
          portal_sewer_entry_c

Skill      XL: |  1  2  3  4  5  6 |
---------------+-------------------+-----
Long Blades    | 3 4 |  4.3
Armour         | 2 3 |  3.6
Charms         | 4 |  4.3
Bows           | 1 |  1.9
Translocations | 1 |  1.1
Fighting       | 3 |  3.0
Dodging        | |  2.7
Spellcasting   | |  2.6

Action                   |  1- 3 |  4- 6 || total
-------------------------+-------+-------++-------
Melee: Falchion          |    66 |    55 ||   121
 Fire: Shortbow          |       |   118 ||   118
 Cast: Infusion          |     5 |    15 ||    20
       Shroud of Golubri |     1 |     4 ||     5
  Use: Potion            |       |     1 ||     1
  Eat: Chunk             |     2 |    10 ||    12
Armor: Leather armour    |    16 |    37 ||    53
Dodge: Dodged            |    40 |   105 ||   145
       Rpst.: Falchion   |    15 |    12 ||    27
